cohdb
Replays
Latest Replays
All Replays
Popular Replays
Top Player Replays
Match Explorer
How It Works
Community
CoH3 Stats
Reddit
Sign in to upload your games and track your stats! →
Sign in with Steam
Match 33070298
Unlisted
Match 33070298
Overview
Messages
Build Orders
End
Kradschützen Motorcycle Team
Panzergrenadier Squad
Panzergrenadier Squad
Construct Light Support Kompanie
Assault Grenadier Squad
Selects Armored Support Battlegroup
2.5-tonne Medical Truck
Fire Support Elements
Veteran Squad Leaders
Selects Veteran Gunners
Selects Flammpanzer III Medium Tank
Flammpanzer III Medium Tank
Majken
Flash
Bruistablet
Professor gibberish
0
0
Comments
sign in to comment!
No comments posted yet!